Orko, chaotic male orcish Rogue ( ------------ % -------# ? |.....?....++ |......# |..........| |.....|## |..........+ |.....|# -------- |..........| |..>..|# |......| ----------- |..........| |.....|# |......| )!..........| ---.-------- |......########|......| |.........| ### ----|--########-.......####|.........| # ! = ## |......| #..........| [ ### # -------- |.........| # ######## ----------- ## #---|------- [ ? ------.--------- #-.........| % = |...............#o@(###|.........| |..............| #|.........| ) ) |...............###+ ----------- * ? ---------------- Orko the Cutpurse Experience level: 4 Strength: 14 Dexterity: 16 Constitution: 14 Intelligence: 9 Wisdom: 12 Charisma: 9 Health: 0(24) Energy: 18(18) Def: 6 Gold: 41 Moves: 1746 Dungeon seed: xClxoAJX0mNIFpyB Game ID: Orko_1571322973 Your Inventory: Armor n - a blessed +1 dwarvish cloak (being worn) u - an uncursed +0 chain mail (being worn) Weapons a - an uncursed +1 silver dagger named +1 (alternate weapon; not wielded) b - 6 uncursed +0 orcish daggers (in quiver) c - an uncursed +0 orcish short sword (weapon in hand) Comestibles M - an uncursed food ration N - 2 uncursed slices of pizza U - an uncursed tripe ration Z - an uncursed lichen corpse Tools g - an uncursed +0 pick-axe j - an uncursed lock pick o - an uncursed sack named X p - an uncursed towel Coins $ - 41 gold pieces Contents of the sack named X: an uncursed spellbook of detect monsters a cursed -1 dagger named c an uncursed potion of speed an uncursed scroll of enchant armor 2 cursed scrolls of enchant armor an uncursed leash an uncursed worthless piece of black glass an uncursed worthless piece of black glass named <( 5 an uncursed worthless piece of orange glass named <@ 3* 4* 257 gold pieces Spells and supernatural/magical abilities: Name Level Category Fail Memory W - pray for help -- divine ? -- Your skills at the end: Fighting Skills Weapon Skills dagger [Basic] short sword [Basic] Spellcasting Skills Final Attributes: You were fervently aligned. You were poison resistant. You were hallucinating. You had infravision. You were stealthy. You are dead. Vanquished creatures: a rock piercer a shrieker a kobold mummy a little dog a dwarf a homunculus a wererat 3 iguanas a yellow mold a gnome zombie 5 jackals a fox a kobold 2 sewer rats a grid bug a bat a lichen a kobold zombie 2 newts and a partridge in a pear tree 27 creatures vanquished. Voluntary challenges: You were an atheist. You used a wielded weapon 36 times, starting on turn 168. You read items or engraved 1 time, starting on turn 1098. You never genocided any monsters. You never polymorphed an object. You never changed form. You used no wishes. You never split a pudding. You never wrote Elbereth's name. You violated your moral code, losing 22 points of alignment, starting on turn 1434. You abstained from Elbereth's help. You werepermanently hallucinating. Dungeon overview: The Dungeons of Doom: levels 1 to 6 Level 1 a long staircase Level 2 a fountain Level 3 a general store, an altar to Kos, a fountain Level 4 a general store, a fountain Level 5 <- You were here Level 6 History has recorded: On T:1 you entered the Dungeons of Doom to retrieve the Amulet of Yendor! On T:509 you reached level 3 of The Dungeons of Doom. On T:732 you advanced to experience level 2. On T:765 you reached level 4 of The Dungeons of Doom. On T:803 you reached level 5 of The Dungeons of Doom. On T:925 you advanced to experience level 3. On T:1435 you advanced to experience level 4. On T:1575 you reached level 6 of The Dungeons of Doom. Score breakdown: Gold: 298 ( 8421 points) Experience: 4 levels ( 9649 points) Exploration: 6 levels ( 13.33%) (10112 points) Discoveries: 5 items ( 1.74%) ( 3959 points) Valuables value: (no points given unless you survive) Artifact value: 0 ( 0 points) Variety of kills: 19 monsters ( 4.99%) ( 6699 points) Turncount: 1746 turns ( 0 points) Survival: died (score multiplied by 80%) Total score: 31072 Latest messages: The rothe bites! The orcish dagger misses it. The kitten misses. The cobra hits! You hit it. The cylon bites! The beholder hits! The giant rat misses. You destroy the elf mummy! The aardvark bites! There are a few objects here. The nalfeshnee bites! (3x) The tripe ration misses it. The killer penguin misses. The winter wolf cub bites! You hit it. The lizard misses. You are now wielding your orcish short sword. a - a silver dagger named +1 (alternate weapon; not wielded). You miss it. The guardian naga hatchling bites! You die... Final status: Goodbye Orko the Rogue, killed by a hallucinogen-distorted giant ant... You died in The Dungeons of Doom on dungeon level 5 with 31072 points, and 298 pieces of gold, after 1746 moves. You were level 4 with a maximum of 24 hit points when you died.